 Dungeon Sprint DCSS version 0.28.0-53-g5a82cb258f (webtiles) character file.

Game seed: 15284025294343361271

1920 Groucho the Blocker (level 8, -2/84 (85) HPs)
             Began as a Deep Dwarf Fighter on July 19, 2022.
             Was the Champion of Makhleb.
             Killed from afar by a lindwurm (26 damage)
             ... with a blast of flame
             ... in the Dungeon (Sprint VII: "The Pits").
             The game lasted 00:05:58 (3054 turns).

Groucho the Blocker (Deep Dwarf Fighter)            Turns: 3054, Time: 00:05:58

HP:   -2/84 (85)    AC: 20    Str: 23    XL:     8   Next: 96%
MP:   14/14         EV:  8    Int:  8    God:    Makhleb [******]
Gold: 7             SH:  6    Dex: 12    Spells: 7/7 levels left

rFire   . . .      SeeInvis .   y - +1 broad axe (freeze)
rCold   . . .      Faith    .   c - +0 buckler
rNeg    . . .      Spirit   .   v - +4 chain mail
rPois   .          Reflect  .   s - +0 helmet
rElec   .          Harm     .   u - +0 cloak
rCorr   .          Rampage  .   (no gloves)
Will    +....      NoTele   +   t - +0 pair of boots
Stlth   ..........              (no amulet)
HPRegen 0.00/turn               (no ring)
MPRegen 0.14/turn               (no ring)

@: lightly drained
A: damage resistance, heal wounds, sense surroundings 1, no regeneration
a: Heal Wounds, Renounce Religion, Minor Destruction, Lesser Servant of Makhleb,
Major Destruction, Greater Servant of Makhleb


You were in the Dungeon.
You worshipped Makhleb.
Makhleb was exalted by your worship.
You visited 1 branch You collected 7 gold pieces.

Inventory:

Hand Weapons
 x - a +2 vorpal morningstar
 y - a +1 broad axe of freezing (weapon)
Missiles
 o - 10 stones
Armour
 c - a +0 buckler (worn)
 s - a +0 helmet (worn)
 t - a +0 pair of boots (worn)
 u - a +0 cloak (worn)
 v - a +4 chain mail (worn)
Jewellery
 b - a +3 ring of protection
 l - a +3 ring of dexterity
Wands
 p - a wand of mindburst (21)
Scrolls
 j - a scroll of blinking
 m - 5 scrolls of amnesia
 n - a scroll of summoning
Potions
 a - 2 potions of invisibility
 d - 2 potions of might
 e - 6 potions of curing
 f - 10 potions of heal wounds
 g - 2 potions of haste
 h - 4 potions of magic
 i - 4 potions of berserk rage
 k - a potion of mutation
 r - a potion of resistance
 w - a potion of brilliance


   Skills:
 + Level 9.0 Fighting
 + Level 10.4 Axes
 + Level 10.7 Armour
 + Level 10.7 Shields
 + Level 10.5 Invocations


You had 7 spell levels left.
You didn't know any spells.
Your spell library was empty.

Dungeon Overview and Level Annotations

Branches:
Dungeon (1/1)

Altars:
Ashenzari
Cheibriados
Dithmenos
Elyvilon
Fedhas
Gozag
Hepliaklqana
Kikubaaqudgha
Makhleb
Nemelex Xobeh
Okawaru
Qazlal
Ru
Sif Muna
Trog
Uskayaw
Vehumet
Wu Jian
Xom
Yredelemnul
Zin
The Shining One
Beogh
Jiyva
Lugonu


Innate Abilities, Weirdness & Mutations

You are resistant to damage.
You can heal yourself by infusing magical energy.
You passively map a small area around you.
You do not regenerate.


Message History

You carefully extract the barbed spikes from your body.
Okay, then.
You see here a +0 trident.
There is an open door here.
A hell rat and a jumping spider come into view.
The hell rat roars deafeningly!
There is an open door here.
You slash the hell rat! You freeze the hell rat.
The hell rat is severely wounded.
You block the hell rat's attack.
You closely miss the hell rat.
The hell rat is severely wounded.
The hell rat bites you!
The hell rat bites you but does no damage.
You barely miss the hell rat.
The hell rat is severely wounded.
The jumping spider leaps!
The hell rat bites you!
You feel drained.
You slash the hell rat! You freeze the hell rat.
You kill the hell rat!
Makhleb accepts your kill.
You feel better.
A lindwurm comes into view.
The lindwurm roars!
You block the jumping spider's attack. The jumping spider closely misses you.
You block the jumping spider's attack.
The jumping spider bites you but does no damage.
You barely miss the jumping spider. The jumping spider pounces on you!
You are caught in a web!
The jumping spider bites you but does no damage.
The jumping spider pounces on you!
You are even more entangled.
The jumping spider bites you but does no damage.
You struggle to detach yourself from the web.
The jumping spider pounces on you but does no damage.
The jumping spider bites you but does no damage.
The web tears apart.
The jumping spider pounces on you!
* * * LOW HITPOINT WARNING * * *
The jumping spider closely misses you.
The jumping spider leaps!
The lindwurm breathes flames at you. The blast of flame hits you!!
You die...

..##....[...........# ,
, ).#####'#####''######
*
))##.......##''###*###*
).##.......##....##..+
,
[)##.......##...##...#
'###...<...##..##...# ,
..##.......##.)#...# +
, ..##.......##..'°.#*
,, ####.......##.##@.#
, .. ############...+ ,
, .########### #....# ,
* * .#....#..[.##..#s.#
'#....#....##.###.k*
.'....'..))### , #..*
'#....#...)# ,+.. * *
.#....#..))# , ..#*
############ *


You could see a lindwurm (catching breath) and a jumping spider.

Vanquished Creatures
  Maurice (D)
  A red devil (D)
  A warg (D)
  An acid dragon (D)
  2 floating eyes (D)
  A sky beast (D)
  A bullfrog (D)
  2 scorpions (D)
  A crimson imp (D)
  An iron imp (D)
  Crazy Yiuf (D)
  An iguana (D)
  An orc wizard (D)
  A hell rat (D)
  An adder (D)
  A river rat (D)
  A worm (D)
  2 orcs (D)
  An endoplasm (D)
  A goblin (D)
  A ball python zombie (D)
  A bat (D)
  A frilled lizard (D)
  A quokka skeleton (D)
  A rat (D)
28 creatures vanquished.

Vanquished Creatures (collateral kills)
  A cane toad (D)
  A fire bat (D)
  An orc priest (D)
  An iron imp (D)
  A worm (D)
  An orc (D)
6 creatures vanquished.

Grand Total: 34 creatures vanquished

Notes
Turn   | Place    | Note
-------+----------+-------------------------------------------
     0 | D        | Groucho the Deep Dwarf Fighter began the quest for the Orb.
     0 | D        | Reached XP level 1. HP: 20/20 MP: 1/1
    14 | D        | Found a bloodstained altar of Trog.
    14 | D        | Found a shimmering blue altar of Sif Muna.
    14 | D        | Found a viscous altar of Jiyva.
    14 | D        | Found a hazy altar of Hepliaklqana.
    14 | D        | Found an opulent altar of Gozag.
    15 | D        | Found a glowing golden altar of the Shining One.
    15 | D        | Found a glowing silver altar of Zin.
    15 | D        | Found a basalt altar of Yredelemnul.
    15 | D        | Found a shimmering altar of Xom.
    15 | D        | Found an ornate altar of the Wu Jian Council.
    15 | D        | Found a sacrificial altar of Ru.
    15 | D        | Found a stormy altar of Qazlal.
    15 | D        | Found an iron altar of Okawaru.
    15 | D        | Found a sparkling altar of Nemelex Xobeh.
    15 | D        | Found a burning altar of Makhleb.
    15 | D        | Found a blossoming altar of Fedhas.
    15 | D        | Found a white marble altar of Elyvilon.
    15 | D        | Found a shadowy altar of Dithmenos.
    15 | D        | Found a snail-covered altar of Cheibriados.
    16 | D        | Found a radiant altar of Vehumet.
    16 | D        | Found a corrupted altar of Lugonu.
    17 | D        | Found a hide-covered altar of Uskayaw.
    17 | D        | Found an ancient bone altar of Kikubaaqudgha.
    17 | D        | Found a broken altar of Ashenzari.
    23 | D        | Became a worshipper of Makhleb the Destroyer
    64 | D        | Noticed a floating eye
    67 | D        | Paralysed by a floating eye for 3 turns
    74 | D        | Killed a floating eye
    75 | D        | Reached skill level 5 in Axes
    75 | D        | Reached skill level 5 in Armour
    75 | D        | Reached skill level 5 in Shields
    75 | D        | Reached XP level 2. HP: 31/31 MP: 2/2
    75 | D        | Reached XP level 3. HP: 38/38 MP: 3/3
    75 | D        | Reached XP level 4. HP: 45/45 MP: 4/4
   465 | D        | Noticed a scorpion
   473 | D        | Killed a scorpion
   473 | D        | Reached * piety under Makhleb
   474 | D        | Reached skill level 5 in Fighting
   474 | D        | Reached XP level 5. HP: 49/52 MP: 4/7
   508 | D        | Reached ** piety under Makhleb
   522 | D        | Noticed a floating eye
   527 | D        | Killed a floating eye
   528 | D        | Reached skill level 5 in Invocations
   528 | D        | Reached XP level 6. HP: 28/63 MP: 7/10
  1260 | D        | Noticed a warg
  1274 | D        | Killed a warg
  1274 | D        | Reached *** piety under Makhleb
  1309 | D        | Reached **** piety under Makhleb
  1310 | D        | Reached XP level 7. HP: 40/72 MP: 12/12
  1344 | D        | Noticed a fire bat
  1347 | D        | Killed a fire bat
  1347 | D        | Reached ***** piety under Makhleb
  1349 | D        | Noticed a cane toad
  1351 | D        | Killed a cane toad
  1554 | D        | Reached XP level 8. HP: 79/81 MP: 13/13
  2033 | D        | Noticed Crazy Yiuf
  2033 | D        | Noticed Maurice
  2049 | D        | Reached skill level 10 in Armour
  2049 | D        | Reached skill level 10 in Shields
  2051 | D        | Killed Crazy Yiuf
  2051 | D        | Reached ****** piety under Makhleb
  2399 | D        | Killed Maurice
  2400 | D        | Reached skill level 10 in Axes
  2400 | D        | Reached skill level 10 in Invocations
  3017 | D        | Noticed a red devil
  3036 | D        | Killed a red devil
  3045 | D        | Noticed a jumping spider
  3051 | D        | Noticed a lindwurm
  3054 | D        | Killed from afar by a lindwurm

Illustrated notes

Levels and vault maps discovered:
D:        pitsprint [storerooms_1, entrance_room_1, metal_vault_7, armoury_3,
          mini_pit_1, grid_room_1, main_hall_1, silver_pit, the_coven_2,
          the_vestibule_1, steel_vault_2, golden_pit, hallway_of_sentries,
          crystal_vault_1, iron_vault_3, final_vault]

Skill      XL: |  1  2  3  4  5  6  7  8 |
---------------+-------------------------+-----
Fighting       | 4 5 6 7 8 9 |  9.0
Axes           | 5 7 8 9 10 | 10.4
Armour         | 5 6 7 8 9 10 | 10.7
Shields        | 5 6 7 8 9 10 | 10.7
Invocations    | 2 5 7 8 10 | 10.5

Action                   |  1- 3 |  4- 6 |  7- 9 || total
-------------------------+-------+-------+-------++-------
Melee: Hand axe          |     6 |    65 |    48 ||   119
       War axe           |     1 |       |       ||     1
       Broad axe         |       |       |    27 ||    27
Invok: Lesser Servant of |       |     1 |       ||     1
       Major Destruction |       |       |     5 ||     5
 Abil: Heal Wounds       |       |     1 |     5 ||     6
Armor: Scale mail        |       |     9 |       ||     9
       Chain mail        |       |    11 |    35 ||    46
Dodge: Dodged            |     1 |    11 |    16 ||    28
Block: Buckler           |       |    12 |    18 ||    30
